 Dungeon Crawl Stone Soup version 0.17.1-3-g152610e (webtiles) character file.

394 Gargoyl the Covered (level 6, 0/48 HPs)
             Began as a Demonspawn Abyssal Knight on Apr 6, 2016.
             Was a Priest of Lugonu.
             Slain by an orc
             ... wielding a +0 whip
              (2 damage)
             ... on level 4 of the Dungeon.
             The game lasted 00:10:37 (4694 turns).

Gargoyl the Covered (Demonspawn Abyssal Knight)     Turns: 4694, Time: 00:10:37

Health: 0/48       AC: 16    Str: 14    XL:     6   Next: 52%
Magic:  7/7        EV:  7    Int: 11    God:    Lugonu [***...]
Gold:   257        SH:  0    Dex: 14    Spells: 0 memorised, 5 levels left

rFire  . . .     SeeInvis .     a - +1 hand axe
rCold  + . .     Rnd*Rage +     g - +0 chain mail
rNeg   . . .     SustAt   .     (no shield)
rPois  .         Gourm    .     (no helmet)
rElec  .         Spirit   .     f - +0 cloak
rCorr  .         Warding  .     d - +0 pair of gloves
rMut   .         Stasis   .     (no boots)
MR     +....                    (no amulet)
Stlth  ..........               v - ring of protection from magic
                                i - ring of protection from cold

@: somewhat resistant to hostile enchantments, extremely unstealthy
A: claws 1, rough black scales 1, agile 1, berserk 1, demonic guardian 1, dopey
1
a: Depart the Abyss, Bend Space, Banish, Renounce Religion


You were on level 4 of the Dungeon.
You worshipped Lugonu.
Lugonu was most pleased with you.
You were not hungry.

You visited 1 branch of the dungeon, and saw 5 of its levels.
You visited the Abyss 1 time.

You collected 257 gold pieces.

Inventory:

Hand Weapons
 a - a +1 hand axe (weapon)
Armour
 d - a +0 pair of gloves (worn)
 f - a +0 cloak (worn)
 g - a +0 chain mail (worn)
Jewellery
 i - a ring of protection from cold (left hand)
 v - a ring of protection from magic (right hand)
Wands
 r - a wand of fireball (3)
Scrolls
 b - a scroll of remove curse {unknown}
 e - 2 scrolls of recharging {unknown}
 h - 4 scrolls of identify
 j - a scroll of random uselessness {unknown}
 n - a scroll of enchant weapon {unknown}
 p - 2 scrolls of amnesia {unknown}
 s - 2 scrolls of noise {unknown}
 u - a scroll of blinking {unknown}
 w - a scroll of teleportation {unknown}
 y - a scroll of enchant armour {unknown}
 C - a scroll of magic mapping {unknown}
Potions
 k - a potion of brilliance
Comestibles
 c - 3 bread rations
 l - 3 beef jerkies
 o - 5 meat rations


   Skills:
 + Level 4.0 Fighting
 + Level 3.0 Axes
 * Level 4.7 Armour
 + Level 1.8 Dodging
 + Level 0.8 Stealth
 + Level 2.6 Invocations


You had 5 spell levels left.
You didn't know any spells.

Dungeon Overview and Level Annotations

Branches:
Dungeon (5/15)
 Temple: D:4-7

Altars:
Dithmenos
Fedhas
Makhleb

Annotations:
D:5 Menkaure


Innate Abilities, Weirdness & Mutations

You have sharp fingernails.
You are partially covered in rough black scales (AC +4, Dex -1).
A weak demonic guardian rushes to your aid.
You are agile. (Dex +2)
You tend to lose your temper in combat.
You are dopey. (Int -2)


Message History

You hit the orc.
The orc is severely wounded.
You barely miss the orc.
The orc is heavily wounded.
The orc closely misses you. The orc barely misses you.
The orc completely misses you.
Unknown command.
You hit the orc but do no damage.
The orc is severely wounded.
You barely miss the orc.
The orc is heavily wounded.
The orc hits you but does no damage. The orc hits you with a whip.
* * * LOW HITPOINT WARNING * * *
Unknown command.
You barely miss the orc.
The orc is severely wounded.
Your chain mail prevents you from hitting the orc.
The orc is heavily wounded.
The orc hits you but does no damage. The orc hits you with a whip.
You die...

#.##.####..###......#####......
#.##..........##.##.......#####
#..........##.##.########.#
##########.##....# #.#
#.####### #.# #.# #.# #.# #.#
#.##### #.# #...o@# .#
#####o######## #.[.ooo...
##########


You could see 2 orcs.

Vanquished Creatures
  A crimson imp (D:4)
  2 orc priests (D:4)
  2 orc wizards (D:4)
  Crazy Yiuf (D:3)
  A worker ant (D:4)
  6 adders
  3 oozes
  A worm (D:4)
  An adder skeleton (D:4)
  2 giant geckos (D:2)
  3 orcs (D:4)
  7 bats
  4 giant cockroaches
  10 goblins
  9 hobgoblins
  4 jackals (D:1)
  7 kobolds
  5 giant newts
  A jackal skeleton (D:4)
  10 rats
80 creatures vanquished.

Vanquished Creatures (collateral kills)
  An ogre (D:4)
  2 orcs (D:4)
3 creatures vanquished.

Grand Total: 83 creatures vanquished

Notes
Turn   | Place    | Note
--------------------------------------------------------------
     0 | Abyss:1  | Gargoyl the Demonspawn Abyssal Knight began the quest for the Orb.
     0 | Abyss:1  | Reached XP level 1. HP: 18/18 MP: 2/2
   130 | Abyss:1  | Noticed a small abomination
   144 | D:1      | Escaped the Abyss
   481 | D:1      | Gained mutation: You are partially covered in rough black scales (AC +4, Dex -1). [demonic ancestry]
   481 | D:1      | Reached XP level 2. HP: 24/24 MP: 3/3
   533 | D:1      | Reached skill level 1 in Dodging
   600 | D:1      | Reached * piety under Lugonu
   934 | D:1      | Gained mutation: A weak demonic guardian rushes to your aid. [demonic ancestry]
   934 | D:1      | Reached XP level 3. HP: 29/29 MP: 4/4
  1456 | D:2      | Found a blossoming altar of Fedhas.
  1456 | D:2      | Found a shadowy altar of Dithmenos.
  2188 | D:2      | Reached XP level 4. HP: 35/35 MP: 5/5
  2372 | D:2      | Reached ** piety under Lugonu
  2808 | D:3      | Noticed Crazy Yiuf
  2815 | D:3      | Paralysed by Crazy Yiuf for 4 turns
  2821 | D:3      | Killed Crazy Yiuf
  3057 | D:3      | Gained mutation: You have sharp fingernails. [demonic ancestry]
  3057 | D:3      | Reached XP level 5. HP: 37/41 MP: 6/6
  3460 | D:4      | Found a burning altar of Makhleb.
  3512 | D:4      | Noticed an ogre
  3523 | D:4      | Gained mutation: You are agile. (Dex +2) [potion of mutation]
  3523 | D:4      | Gained mutation: You tend to lose your temper in combat. [potion of mutation]
  3523 | D:4      | Gained mutation: You are dopey. (Int -2) [potion of mutation]
  3563 | D:5      | Entered Level 5 of the Dungeon
  3563 | D:5      | Noticed Menkaure
  3604 | D:4      | Killed an ogre
  3604 | D:4      | Reached skill level 4 in Armour
  3845 | D:4      | Reached XP level 6. HP: 6/48 MP: 7/7
  4677 | D:4      | Reached *** piety under Lugonu
  4693 | D:4      | HP: 2/48 [orc/whip (4)]
  4694 | D:4      | Slain by an orc

Action                   |  1- 3 |  4- 6 || total
-------------------------+-------+-------++-------
Melee: Hand axe          |   172 |   305 ||   477
Invok: Depart the Abyss  |     1 |       ||     1
Evoke: Wand              |       |     2 ||     2
  Use: Potion            |       |     9 ||     9
       Scroll            |       |     1 ||     1
 Stab: Distracted        |       |     1 ||     1
       Invisible         |       |     2 ||     2
  Eat: Chunk             |     3 |     7 ||    10
       Pizza             |       |     1 ||     1
       Bread ration      |       |     1 ||     1
